 Dungeon Crawl Stone Soup version 0.18-a0-1572-g0a86841 (webtiles) character file.

14716 mopl the Covert (level 11, -1/74 HPs)
             Began as a Demigod Enchanter on Mar 15, 2016.
             Slain by a hill giant (21 damage)
             ... on level 11 of the Dungeon.
             The game lasted 00:44:40 (12922 turns).

mopl the Covert (Demigod Enchanter)                Turns: 12922, Time: 00:44:40

Health: -1/74      AC: 12    Str: 11    XL:     11   Next: 61%
Magic:  17/20      EV:  7    Int: 17    God:
Gold:   6          SH:  0    Dex: 28    Spells: 5 memorised, 5 levels left

rFire  + + +     SeeInvis .     a - +0 rapier (pierce)
rCold  . . .     Gourm    .     H - +4 robe of Pyfi Yqu {rF+++ rN+ Int-4 Dex+3}
rNeg   + . .     Faith    .     (no shield)
rPois  .         Spirit   .     (no helmet)
rElec  .         Dismiss  .     q - +0 cloak
rCorr  .         Reflect  .     z - +0 pair of gloves
SustAt +         Harm     .     (no boots)
MR     +....                    Q - amulet of magic regeneration
Stlth  ++++++....               R - +4 ring of protection {=R}
                                N - +5 ring of dexterity

@: held, somewhat resistant to hostile enchantments, very stealthy
A: talons 1, high mp 1, sustain attributes
a: no special abilities


You were on level 11 of the Dungeon.
You were not hungry.

You visited 2 branches of the dungeon, and saw 12 of its levels.
You visited 1 bazaar.
You also visited: Sewer.

You collected 494 gold pieces.
You spent 488 gold pieces at shops.

Inventory:

Hand Weapons
 a - a +0 rapier of piercing (weapon)
 E - the +5 scimitar of the Badger {flame, MR- Str+7}
   (You bought it in a shop in a bazaar)

   It has been specially enchanted to burn those struck by it, causing extra
   injury to most foes and up to half again as much damage against particularly
   susceptible opponents.
   Big, fiery blades are also staple armaments of hydra-hunters.
   It affects your strength (+7).
   It affects your resistance to hostile enchantments.
 L - a +2 dagger of piercing
Missiles
 b - a throwing net
 i - 7 poisoned needles
 w - 7 needles of paralysis
 K - a tomahawk of dispersal (quivered)
Armour
 h - a +2 robe of magic resistance
 o - a troll hide {Purgy}
 q - a +0 cloak (worn)
 z - a +0 pair of gloves (worn)
 H - the +4 robe of Pyfi Yqu (worn) {rF+++ rN+ Int-4 Dex+3}
   (You found it on level 5 of the Dungeon)

   It affects your intelligence (-4).
   It affects your dexterity (+3).
   It renders you almost immune to fire.
   It protects you from negative energy.
 M - a +0 shield
Jewellery
 x - an uncursed ring of wizardry
 N - a +5 ring of dexterity (left hand)
 Q - an amulet of magic regeneration (around neck)
 R - a +4 ring of protection (right hand) {=R}
 S - an uncursed ring of see invisible
Scrolls
 g - 4 scrolls of fog
 m - 3 scrolls of noise
 p - 3 scrolls of amnesia
 s - 8 scrolls of teleportation
 y - 3 scrolls of enchant weapon
 D - a scroll of immolation {!r}
 F - 3 scrolls of magic mapping
 U - 6 scrolls of remove curse
 V - a scroll of enchant armour
Potions
 e - 2 potions of resistance
 f - 4 potions of heal wounds
 l - a potion of lignification {!q}
 r - 4 potions of magic
 t - 3 potions of curing
 u - 2 potions of flight
 A - a potion of brilliance
 C - a potion of cure mutation {!q}
 G - a potion of ambrosia
 J - 3 potions of berserk rage {!q}
 O - a potion of haste
Comestibles
 d - 6 bread rations
 n - 5 meat rations
 B - 4 beef jerkies
 P - 12 royal jellies


   Skills:
 + Level 6.5 Short Blades
 - Level 1.7 Dodging
 * Level 11.1 Stealth
 - Level 4.0 Spellcasting
 + Level 3.9 Conjurations
 - Level 10.0 Hexes
 + Level 4.7 Transmutations
 - Level 3.1 Ice Magic
 + Level 4.2 Earth Magic


You had 5 spell levels left.
You knew the following spells:

 Your Spells              Type           Power        Failure   Level  Hunger
b - Ensorcelled Hibernat  Hex/Ice        ####..       1%          2    ##.....
c - Confuse               Hex            #####...     1%          3    ###....
d - Tukima's Dance        Hex            #####...     1%          3    ###....
p - Passwall              Trmt/Erth      ###.......   3%          2    ##.....
s - Dazzling Spray        Conj/Hex       ####....     3%          3    ###....


Dungeon Overview and Level Annotations

Branches:
Dungeon (11/15)            Temple (1/1) D:6             Orc (0/2) D:9
   Lair: D:8-11

Shops:
D:8 *

Annotations:
D:10 poirepourri's ghost, journeyman GrFi


Innate Abilities, Weirdness & Mutations

You have an increased reservoir of magic (+10% MP).
Your attributes are resistant to harm.
You have sharp toenails.


Message History

Your giant club hits the kobold!
The kobold dies!
You try to slip out of the net.
The hill giant hits you.
You slip out of the net!
The hill giant barely misses you.
Your giant club closely misses the orc.
Casting: Tukima's Dance
Confirm with . or Enter, or press ? or * to list all spells.
Aiming: Tukima's Dance
Press: ? - help, Shift-Dir - straight line, f - orc, p - hill giant
Aim: an orc, wielding a staff of air (chance to defeat MR: 93%)
The hill giant's hands twitch.
The hill giant hits you.
The hill giant throws a throwing net.
The throwing net hits you.
You become entangled in the net!
Your giant club closely misses the orc.
Things that are here:
a throwing net; a morningstar You struggle against the net.
Your giant club barely misses the orc.
You try to slip out of the net.
The hill giant hits you!!
* * * LOW HITPOINT WARNING * * *
You tear a large gash into the net.
The hill giant hits you!!
You die...

# #.#### ###
#....########## ##[##
####......<...###.#.#
#...)#####.......###.
#.##@# #.##.###.#.# #
#C# #.##[#...... # #o#
#.##.#.##### #.# ##o##
#.##.# #
#...#:†.####.##.#.#####
#..)(................
###...#.##.##........
##.##..# #.#..#### ...
..9 #.#..# #


You could see a hill giant, 2 orcs and a friendly giant club.

Vanquished Creatures
  7 hell knights (D:10)
  An unseen horror (D:10)
  A hill giant (D:10)
  A centaur zombie (D:11)
  A troll (D:10)
  A two-headed ogre (D:9)
  Grinder (D:3)
  Sigmund (D:3)
  9 yaks (D:9)
  2 dancing weapons (D:10)
  Eustachio (D:6)
  3 hippogriffs
  A hungry ghost (D:7)
  7 hell hounds (D:10)
  Duvessa (D:4)
  Purgy (Sewer)
  An ice beast (D:7)
  A phantom (D:7)
  4 ogres
  4 sky beasts
  4 orc warriors
  2 slaves (D:4)
  A wasp (D:10)
  A crocodile (D:9)
  6 centaurs
  A big kobold (D:11)
  7 giant frogs
  Blork the orc (D:4)
  A water moccasin zombie (D:7)
  Dowan (D:4)
  6 scorpions
  13 killer bees
  3 wights (D:5)
  5 jellies
  2 howler monkeys
  3 crimson imps
  A giant frog zombie (D:7)
  7 orc priests
  9 hounds
  15 orc wizards
  A centaur skeleton (D:9)
  2 giant frog skeletons
  An iron imp (D:7)
  Terence (D:3)
  Natasha (twice) (D:4)
  8 worker ants
  A killer bee zombie (D:7)
  2 hound zombies (D:5)
  A howler monkey zombie (D:9)
  A worker ant zombie (D:7)
  7 gnolls
  22 adders
  A shadow imp (D:7)
  8 oozes
  An adder zombie (D:8)
  2 adder skeletons
  8 worms
  A dart slug (D:3)
  7 giant geckos
  54 orcs
  11 bats
  9 giant cockroaches
  4 goblins
  7 hobgoblins
  8 jackals
  14 kobolds
  5 quokkas
  5 ball pythons
  6 giant newts
  2 quokka skeletons (D:4)
  6 rats
346 creatures vanquished.

Vanquished Creatures (collateral kills)
  Pikel (D:4)
  An ogre (D:4)
  A wight (D:5)
  A bat (D:3)
  A kobold (D:11)
5 creatures vanquished.

Vanquished Creatures (others)
  5 dancing weapons
  A slave (D:4)
  Natasha (D:4)
  A worker ant (D:4)
  4 jackals (D:4)
12 creatures vanquished.

Grand Total: 363 creatures vanquished

Notes
Turn   | Place    | Note
--------------------------------------------------------------
     0 | D:1      | mopl the Demigod Enchanter began the quest for the Orb.
     0 | D:1      | Reached XP level 1. HP: 14/14 MP: 5/5
   302 | D:1      | Reached skill level 3 in Stealth
   312 | D:1      | Reached skill level 3 in Hexes
   445 | D:1      | Reached skill level 1 in Short Blades
   445 | D:1      | Reached XP level 2. HP: 18/20 MP: 5/7
   525 | D:1      | Learned a level 2 spell: Ensorcelled Hibernation
   856 | D:2      | Reached XP level 3. HP: 22/26 MP: 6/8
  1401 | D:3      | Noticed Terence
  1408 | D:3      | Noticed Sigmund
  1423 | D:2      | Reached XP level 4. HP: 22/33 MP: 4/9
  1473 | D:2      | Learned a level 3 spell: Tukima's Dance
  1557 | D:3      | Found a glowing drain.
  1578 | D:3      | Reached skill level 1 in Ice Magic
  1653 | D:3      | Reached skill level 2 in Spellcasting
  1697 | Sewer    | Entered a sewer
  1730 | Sewer    | Noticed Purgy
  1766 | Sewer    | Killed Purgy
  1766 | Sewer    | Reached skill level 4 in Stealth
  1766 | Sewer    | Reached skill level 4 in Hexes
  1766 | Sewer    | Reached XP level 5. HP: 27/38 MP: 0/10
  2161 | D:3      | Killed Terence
  2161 | D:3      | Reached skill level 2 in Short Blades
  2482 | D:3      | Killed Sigmund
  2482 | D:3      | Reached skill level 2 in Ice Magic
  2482 | D:3      | Reached XP level 6. HP: 30/45 MP: 6/11
  2765 | D:3      | Noticed Grinder
  2793 | D:4      | Learned a level 3 spell: Confuse
  2845 | D:3      | Killed Grinder
  2845 | D:3      | Reached skill level 5 in Stealth
  2845 | D:3      | Reached skill level 5 in Hexes
  2845 | D:3      | Reached XP level 7. HP: 44/50 MP: 8/13
  2877 | D:4      | Found a shadowy altar of Dithmenos.
  3138 | D:4      | Noticed Pikel
  3335 | D:4      | Killed Pikel
  3335 | D:4      | Reached skill level 3 in Short Blades
  3335 | D:4      | Reached skill level 6 in Stealth
  3335 | D:4      | Reached skill level 3 in Ice Magic
  3589 | D:4      | Noticed Natasha
  3601 | D:4      | Killed Natasha
  3790 | D:4      | Killed Natasha
  3927 | D:4      | Noticed Natasha
  3940 | D:4      | Killed Natasha
  3954 | D:4      | Noticed Duvessa
  3956 | D:4      | Noticed Dowan
  3959 | D:4      | Noticed Blork the orc
  3965 | D:4      | Killed Duvessa
  3965 | D:4      | Reached skill level 6 in Hexes
  3965 | D:4      | Reached XP level 8. HP: 47/57 MP: 9/14
  4005 | D:4      | Killed Dowan
  4008 | D:4      | Killed Blork the orc
  4267 | D:5      | Entered Level 5 of the Dungeon
  4385 | D:5      | Reached skill level 4 in Short Blades
  4727 | D:5      | Reached skill level 7 in Stealth
  4908 | D:5      | Found a shadowy altar of Dithmenos.
  5158 | D:5      | Reached skill level 3 in Spellcasting
  5193 | D:5      | Got a brightly glowing robe
  5206 | D:5      | Identified the +4 robe of Pyfi Yqu {rF+++ rN+ Int-4 Dex+3} (You found it on level 5 of the Dungeon)
  5588 | D:5      | Learned a level 3 spell: Dazzling Spray
  6074 | D:6      | Noticed Eustachio
  6090 | D:6      | Killed Eustachio
  6090 | D:6      | Reached skill level 7 in Hexes
  6114 | D:6      | Reached XP level 9. HP: 25/62 MP: 11/17
  6303 | D:6      | Learned a level 2 spell: Passwall
  6313 | D:6      | Found a staircase to the Ecumenical Temple.
  6360 | Temple   | Entered the Ecumenical Temple
  6923 | D:6      | Reached skill level 8 in Stealth
  8121 | D:7      | Reached skill level 8 in Hexes
  8327 | D:7      | Found a snail-covered altar of Cheibriados.
  8708 | D:7      | Reached skill level 4 in Spellcasting
  8708 | D:7      | Reached skill level 1 in Transmutations
  8732 | D:7      | Reached skill level 9 in Stealth
  8758 | D:7      | Reached skill level 5 in Short Blades
  9286 | D:7      | Found an opulent altar of Gozag.
  9398 | D:7      | Reached skill level 1 in Earth Magic
  9470 | D:8      | Found Ufant's General Store.
  9494 | D:8      | Bought a scroll of teleportation for 36 gold pieces
  9494 | D:8      | Bought a scroll of remove curse for 36 gold pieces
  9883 | D:8      | Reached skill level 2 in Transmutations
 10205 | D:8      | Reached XP level 10. HP: 69/69 MP: 13/19
 10554 | D:9      | Found a staircase to the Orcish Mines.
 10676 | D:9      | Reached skill level 1 in Conjurations
 10703 | D:9      | Reached skill level 2 in Earth Magic
 10787 | D:9      | Found a sacrificial altar of Ru.
 11204 | D:9      | Reached skill level 3 in Transmutations
 11227 | D:9      | SaintRoka: hello
 11237 | D:9      | Reached skill level 2 in Conjurations
 11279 | D:9      | Reached skill level 9 in Hexes
 11380 | D:9      | Reached skill level 10 in Stealth
 11478 | D:9      | Found a burning altar of Makhleb.
 11634 | D:10     | Entered Level 10 of the Dungeon
 11852 | D:10     | Noticed poirepourri's ghost (journeyman GrFi)
 11887 | D:10     | Noticed an unseen horror
 11890 | D:10     | Killed an unseen horror
 11949 | D:10     | Noticed a hell knight
 11954 | D:10     | Killed a hell knight
 11954 | D:10     | Reached skill level 3 in Earth Magic
 11954 | D:10     | Reached XP level 11. HP: 74/74 MP: 20/20
 11998 | D:10     | Reached skill level 4 in Transmutations
 12028 | D:10     | Reached skill level 6 in Short Blades
 12033 | D:10     | Noticed a hell knight
 12075 | D:10     | Noticed a hell knight
 12075 | D:10     | Killed a hell knight
 12075 | D:10     | Reached skill level 3 in Conjurations
 12084 | D:10     | Noticed a hell knight
 12084 | D:10     | Noticed a hell knight
 12281 | D:10     | Noticed a hell knight
 12301 | D:10     | Killed a hell knight
 12304 | D:10     | Killed a hell knight
 12316 | D:10     | Killed a hell knight
 12323 | D:10     | Killed a hell knight
 12341 | D:10     | Noticed a hell knight
 12351 | D:10     | Killed a hell knight
 12411 | D:10     | Reached skill level 10 in Hexes
 12426 | D:10     | Noticed a hill giant
 12439 | D:10     | Killed a hill giant
 12603 | D:11     | Reached skill level 4 in Earth Magic
 12713 | D:11     | Reached skill level 11 in Stealth
 12773 | D:11     | Found a flickering gateway to a bazaar.
 12813 | D:11     | Noticed a hill giant
 12816 | Bazaar   | Entered a bazaar
 12816 | Bazaar   | Found Jeiset's Jewellery Shoppe.
 12816 | Bazaar   | Found Egoek's Assorted Antiques.
 12816 | Bazaar   | Found Hodyahat's Antique Weapon Shoppe.
 12816 | Bazaar   | Found Supraob's Weapon Shop.
 12818 | Bazaar   | Found Cifaythu's Jewellery Emporium.
 12818 | Bazaar   | Found Rusyzu's Distillery.
 12837 | Bazaar   | Bought a scroll labeled XUSI JEIDGHEBOL for 32 gold pieces
 12837 | Bazaar   | Bought a scroll labeled VEQ FAIMUMN for 32 gold pieces
 12837 | Bazaar   | Bought a scroll of identify for 64 gold pieces
 12837 | Bazaar   | Bought a faintly glowing scimitar for 288 gold pieces
 12837 | Bazaar   | Identified the +5 scimitar of the Badger {flame, MR- Str+7} (You bought it in a shop in a bazaar)
 12860 | Bazaar   | Gained mutation: You have sharp toenails. [potion of beneficial mutation]
 12922 | D:11     | Slain by a hill giant

Vault maps used:
D:1:      minmay_arrival_diagonal_passages
D:3:      gup_sewer_entry_glass, kennysheep_generic_room_5, uniq_sigmund,
          uniq_grinder, uniq_terence
D:4:      first_bread, nicolae_dithmenos_the_darkroom, uniq_blork_the_orc,
          uniq_pikel, uniq_duvessa, uniq_natasha
D:5:      basic_altar
D:6:      minmay_temple_entry_statues_pillars, nrook_mini_vaults, uniq_eustachio
D:7:      marbit_many_paths, chei_slow_surprise
D:8:      serial_shops, shop, hangedman_little_slice_of_home, minmay_bad_closet,
          hangedman_abyss_or_decor_stagger, mrwooster_statue_mirror
D:9:      makhleb_heckhound_becter, orc_0_dummy, nicolae_ru_sacrificial_ziggurat
D:10:     david_lair_generic, minmay_rotating_lava
D:11:     serial_shops, bzr_entry_gold, special_room, uniq_sonja, uniq_maurice
Temple:   kilobyte_greek_temple_18
Bazaar:   bazaar_minmay_generic_island
Sewer:    sewer_co_purgy_island

Skill      XL: |  1  2  3  4  5  6  7  8  9 10 11 |
---------------+----------------------------------+-----
Stealth        | 3 4 5 6 7 9 10 11 | 11.1
Hexes          | 3 4 5 6 7 8 9 10 | 10.0
Short Blades   | 1 2 3 4 5 6 |  6.5
Ice Magic      | 1 2 3 |  3.1
Spellcasting   | 2 3 4 |  4.0
Transmutations | 2 3 4 |  4.7
Earth Magic    | 1 3 4 |  4.2
Conjurations   | 2 3 |  3.9
Dodging        | |  1.7

Action                   |  1- 3 |  4- 6 |  7- 9 | 10-12 || total
-------------------------+-------+-------+-------+-------++-------
Melee: Dagger            |   123 |   154 |   646 |   248 ||  1171
       Rapier            |       |       |       |    23 ||    23
 Cast: Corona            |     8 |     1 |       |       ||     9
       Ensorcelled Hiber |    14 |    28 |    87 |    71 ||   200
       Tukima's Dance    |       |     2 |    13 |    17 ||    32
       Confuse           |       |     2 |    20 |    23 ||    45
  Use: Potion            |       |     3 |     2 |     4 ||     9
       Scroll            |       |     3 |     7 |    15 ||    25
 Stab: Sleeping          |    17 |    19 |    61 |    55 ||   152
       Distracted        |       |     2 |     1 |     2 ||     5
       Confused          |       |     1 |    13 |     9 ||    23
  Eat: Chunk             |     3 |     6 |    27 |    13 ||    49
       Pizza             |       |       |     1 |       ||     1
       Fruit             |       |       |     3 |     2 ||     5
       Bread ration      |       |       |     1 |       ||     1
